 Dungeon Crawl Stone Soup version 0.30-a0-728-gc68057be0a (webtiles) character file.

Game seed: 1374378295162744223

107 Jackthecabe the Sneak (level 4, 0/34 HPs)
             Began as a Vine Stalker Brigand on Feb 1, 2023.
             Succumbed to an adder's poison
             ... in a sewer.
             The game lasted 00:04:12 (1355 turns).

Jackthecabe the Sneak (Vine Stalker Brigand)        Turns: 1355, Time: 00:04:12

Health: 0/34       AC: 22    Str: 14    XL:     4   Next: 86%
Magic:  2/5        EV:  2    Int: 11    God:
Gold:   125        SH:  0    Dex: 17    Spells: 3/3 levels left

rFire   . . .      SeeInvis .    a - +2 dagger
rCold   . . .      Faith    .    (no shield)
rNeg    . . .      Spirit   +    (body armour currently unavailable)
rPois   +          Reflect  .    (helmet currently unavailable)
rElec   .          Harm     .    (cloak currently unavailable)
rCorr   .          Rampage  .    (gloves currently unavailable)
Will    .....      NoTele   +    (boots currently unavailable)
Stlth   +++                      (no amulet)
HPRegen 1.05/turn                (no ring)
MPRegen 0.09/turn                (no ring)

@: lethally poisoned (0 -> -6), tree-form, very slow
A: stationary, stasis, torment immunity, boosted hp, (fangs 2), regeneration 1,
magic shield, (antimagic bite), no potion heal 2
a: no special abilities


You were in a sewer.
You were a tree.
You visited 1 branch of the dungeon, and saw 3 of its levels.
You also visited: Sewer.

You collected 125 gold pieces.


Innate Abilities, Weirdness & Mutations

You are a tree.
Your roots penetrate the ground, keeping you stationary.
You cannot be teleported.
You are immune to unholy pain and torment.
Your maximum health is greatly increased.
Your equipment is partially melded.
((You have extremely sharp teeth.))
Your natural rate of healing is unusually fast.
When hurt, damage is shared between your health and your magic reserves.
((Your bite disrupts and absorbs the magic of your enemies.))
Potions cannot restore your health.


   Skills:
 - Level 1.7 Fighting
 + Level 4.4 Short Blades
 - Level 1.7 Throwing
 - Level 0.7 Dodging
 - Level 4.8 Stealth


You had 3 spell levels left.
You didn't know any spells.
Your spell library contained the following spells:

 Spells                   Type           Power      Damage    Failure   Level
 Ignite Poison            Fire/Tmut/Pois 0%         N/A       71%         3
 Sticky Flame             Conj/Fire      0%         2d3       98%         4
 Ignition                 Fire           0%         3d3       100%        8

Inventory:

Hand Weapons
 a - a +2 dagger (weapon)
Missiles
 d - 23 poisoned darts (quivered)
 e - 3 curare-tipped darts {=f}
Armour
 b - a +0 robe (melded)
 c - a +0 cloak (melded)
Wands
 p - a wand of flame (19)
Scrolls
 f - a scroll of vulnerability {unknown}
 h - 2 scrolls of amnesia {unknown}
 i - 2 scrolls of teleportation {unknown}
 k - a scroll of blinking {unknown}
 o - 2 scrolls of magic mapping {unknown}
 u - a scroll of enchant weapon {unknown}
Potions
 g - a potion of haste {unknown}
 j - a potion of heal wounds {unknown}
 l - a potion of might {unknown}
 m - a potion of resistance {unknown}
 n - a potion of magic {unknown}
 q - 2 potions of lignification
 r - a potion of attraction {unknown}
 s - 2 potions of curing {unknown}
 t - a potion of flight {unknown}

Dungeon Overview and Level Annotations

Branches:
Dungeon (3/15)              Sewer (1/1)

Altars:

▒≈≈~≈≈≈▒
▒≈≈~≈≈≈▒
▒≈≈~≈≈≈▒
▒≈≈#~≈≈#
▒≈≈≈~.≈▒
▒≈≈≈~≈≈▒
▒≈.~≈≈≈▒
▒≈≈†≈§§▒
▒≈≈♣§§§▒
▒≈≈S≈§§▒
▒≈≈r≈≈≈▒
▒≈≈r≈≈≈▒
▒..r..#▒
▒......▒
▒......▒#
▒.......▒
........▒▒


You could see an adder and 3 rats.


Message History

You are more poisoned.
The adder poisons you!
Aiming: Throw Flame
Press: ? - help, Shift-Dir - straight line, f - adder
Aim: an adder (water, 48% to hit)
The puff of flame misses the adder.
You feel very sick. The adder bites you.
The adder bites you but does no damage.
The adder is engulfed in a cloud of scalding steam.
The adder bites you.
* * * LOW HITPOINT WARNING * * *
Unknown command.
You hit the adder. Your bite misses the adder.
The adder is almost dead.
You feel sick. The adder bites you but does no damage.
The adder is engulfed in a cloud of scalding steam.
You kill the adder!
The adder is engulfed in a cloud of scalding steam.
You kill the adder!
Unknown command.
You barely miss the adder. You bite the adder, but do no damage.
The adder is heavily wounded.
You feel sick. The adder bites you.
* * * LOW HITPOINT WARNING * * *
You are more poisoned.
The adder poisons you!
It was a potion of lignification.
You turn into a tree.
Your +0 cloak melds into your body.
Your +0 robe melds into your body.
Your roots penetrate the ground.
You die...

Skill      XL: |  1  2  3  4 |
---------------+-------------+-----
Short Blades   | 2 3 4 |  4.4
Fighting       | |  1.7
Throwing       | |  1.7
Dodging        | |  0.7
Stealth        | |  4.8

Action                     |  1- 3 |  4- 6 || total
---------------------------+-------+-------++-------
  Melee: Dagger            |    83 |    41 ||   124
         Bite              |    19 |     8 ||    27
  Throw: Dart              |     8 |       ||     8
  Evoke: Wand              |       |     1 ||     1
    Use: Potion            |       |     1 ||     1
   Stab: Sleeping          |     7 |     4 ||    11
         Distracted        |     2 |       ||     2
 Armour: Robe              |    25 |     8 ||    33
  Dodge: Dodged            |    56 |    15 ||    71

Levels and vault maps discovered:
D:1:      minmay_arrival_open_corners, layout_rooms
D:2:      layout_basic, uniq_jessica
D:3:      layout_rooms, portal_sewer_entry_d, skrybe_limestone_x, nicolae_titane
Sewer:    sewer_minmay_w

Notes
Turn   | Place    | Note
-------+----------+-------------------------------------------
     0 | D:1      | Jackthecabe the Vine Stalker Brigand began the quest for
                  | the Orb.
     0 | D:1      | Reached XP level 1. HP: 11/11 MP: 2/2
    30 | D:1      | Reached skill level 2 in Short Blades
    75 | D:1      | Reached XP level 2. HP: 14/15 MP: 3/3
   220 | D:1      | Reached skill level 3 in Short Blades
   265 | D:1      | Reached XP level 3. HP: 15/18 MP: 2/4
   531 | D:1      | You fall into a shaft and drop 1 floor!
   710 | D:2      | Noticed Jessica
   725 | D:2      | Killed Jessica
   726 | D:2      | Gained mutation: Your natural rate of healing is unusually
                  | fast. [Vine Stalker growth]
   726 | D:2      | Reached XP level 4. HP: 23/23 MP: 5/5
   863 | D:2      | Reached skill level 4 in Short Blades
  1290 | D:3      | Found a glowing drain.
  1299 | Sewer    | Entered a sewer
  1354 | Sewer    | HP: 1/23 [adder (2)]
  1355 | Sewer    | Succumbed to an adder's poison

Vanquished Creatures
  Jessica (D:2)
  3 adders
  A worm (D:3)
  3 endoplasms
  3 giant cockroaches
  3 goblins (D:1)
  6 hobgoblins
  8 jackals (D:1)
  3 kobolds
  A quokka (D:1)
  3 ball pythons
  5 bats
  4 frilled lizards
  8 rats
52 creatures vanquished.

Table legend: (Time is in decaauts)
 A = Elapsed time spent in this place.
 B = Non-inter-level travel time spent in this place.
 C = Inter-level travel time spent in this place.
 D = Time resting spent in this place.
 E = Time spent auto-exploring this place.
 F = Levels seen in this place.
 G = Mean time per level.
                   A        B        C        D        E       F      G
               +--------+--------+--------+--------+--------+-----+--------+
         Total |   1351 |   1318 |     33 |     40 |    850 |   4 |  337.8 |
       Dungeon |   1286 |   1253 |     33 |     40 |    827 |   3 |  428.7 |
         Sewer |     65 |     65 |      0 |      0 |     23 |   1 |   65.0 |
               +--------+--------+--------+--------+--------+-----+--------+

Top non-repeatable levels by time:
     D:1: 611 daAuts
     D:2: 599 daAuts
     D:3: 75 daAuts
   Sewer: 65 daAuts

Table legend:
 A = Non-vault XP
 B = Vault XP
 C = Vault XP percentage of total XP
 D = Non-vault monster count
 E = Vault monster count
 F = Vault count percentage of total count
                 A         B        C        D         E       F
            +---------+---------+-------+---------+---------+-------
      Total |      75 |      79 |  51.3 |      45 |       7 |  13.5
            +---------+---------+-------+---------+---------+-------
        D:1 |      50 |       0 |   0.0 |      30 |       0 |   0.0
        D:2 |      17 |      37 |  68.5 |      12 |       1 |   7.7
        D:3 |       8 |      13 |  61.9 |       3 |       1 |  25.0
      Sewer |       0 |      29 | 100.0 |       0 |       5 | 100.0
            +---------+---------+-------+---------+---------+-------
